 Dungeon Crawl Stone Soup version 0.19.1 (webtiles) character file.

132808 Impy the Fencer (level 16, -1/127 HPs)
             Began as a Demonspawn Gladiator on Nov 28, 2016.
             Was the Champion of Okawaru.
             Slain by an alligator (3 damage)
             ... called by a spriggan druid
             ... on level 3 of the Swamp.
             The game lasted 02:44:44 (28383 turns).

Impy the Fencer (Demonspawn Gladiator)             Turns: 28383, Time: 02:44:45

Health: -1/127     AC: 33    Str: 16    XL:     16   Next: 58%
Magic:  0/15       EV: 14    Int: 20    God:    Okawaru [******]
Gold:   1831       SH:  0    Dex: 17    Spells: 0 memorised, 26 levels left

rFire  + + +     SeeInvis .     h - +3 long sword "Hucegef" {drain, *Rage rF+ rC++ Int+3}
rCold  + + .     Gourm    .     b - +10 plate armour of Supple Strength {+Blink rF+++ Str-2}
rNeg   + + +     Faith    .     (no shield)
rPois  +         Spirit   +     Q - +2 hat {Spirit}
rElec  +         Reflect  .     x - +2 cloak {MR+}
rCorr  .         Harm     .     (gloves unavailable)
MR     +++..     Rnd*Rage +     j - +0 pair of boots "Vyugg" {rElec rPois rN+++ MP-9}
Stlth  ..........               Y - amulet of Fanaticism {rF+ Regen+ Str+3 Dex+3}
                                k - ring of protection from fire
                                A - ring of protection from magic

@: about to teleport
A: claws 3, powered by death 1, spiny 2, MP-powered wands, sturdy frame 3
a: Heroism, Finesse, Renounce Religion, Evoke Blink


You were on level 3 of the Swamp.
You worshipped Okawaru.
Okawaru was exalted by your worship.
You were not hungry.

You visited 6 branches of the dungeon, and saw 29 of its levels.
You also visited: Ossuary and Volcano.

You collected 2691 gold pieces.
You spent 860 gold pieces at shops.

Inventory:

Hand Weapons
 h - the +3 long sword "Hucegef" (weapon) {drain, *Rage rF+ rC++ Int+3}
   (You took it off an orc warrior on level 14 of the Dungeon)

   A truly terrible weapon, it drains the life of those it strikes.
   It affects your intelligence (+3).
   It protects you from fire.
   It greatly protects you from cold.
   It may make you go berserk in combat.
 m - a +1 demon blade of draining
 o - a +1 hand axe of distortion
 q - a +3 triple sword of flaming
 r - the +7 falchion of Karma {flame, +Rage Str+3}
   (You bought it in a shop on level 5 of the Dungeon)

   It has been specially enchanted to burn those struck by it, causing extra
   injury to most foes and up to half again as much damage against particularly
   susceptible opponents.
   Big, fiery blades are also staple armaments of hydra-hunters.
   It affects your strength (+3).
   It lets you go berserk.
Missiles
 l - a throwing net (quivered)
Armour
 b - the +10 plate armour of Supple Strength (worn) {+Blink rF+++ Str-2}
   (You took it off an orc warrior on level 14 of the Dungeon)

   It affects your strength (-2).
   It renders you almost immune to fire.
   It lets you blink.
 j - the +0 pair of boots "Vyugg" (worn) {rElec rPois rN+++ MP-9}
   (You found it on level 14 of the Dungeon)

   It insulates you from electricity.
   It protects you from poison.
   It renders you almost immune to negative energy.
   It affects your magic capacity (-9).
 x - a +2 cloak of magic resistance (worn)
 P - the +2 leather armour "Nealiz" {-Tele rPois rN+}
   (You found it on level 2 of the Lair of Beasts)

   It protects you from poison.
   It protects you from negative energy.
   It prevents most forms of teleportation.
 Q - a +2 hat of spirit shield (worn)
 S - a +1 pair of boots of running
 W - a +4 scale mail of poison resistance
Jewellery
 a - the ring "Purph" {rPois rF+ rC- Str+6 Dex+8}
   (You found it on level 6 of the Lair of Beasts)

   [ring of poison resistance]

   It affects your strength (+6).
   It affects your dexterity (+8).
   It protects you from fire.
   It makes you vulnerable to cold.
   It protects you from poison.
 c - an uncursed ring of poison resistance
 k - a ring of protection from fire (right claw)
 z - an uncursed ring of protection from magic
 A - a ring of protection from magic (left claw)
 H - an uncursed ring of magical power
 V - an uncursed ring of teleportation
 Y - the amulet of Fanaticism (around neck) {rF+ Regen+ Str+3 Dex+3}
   (You found it on level 4 of the Lair of Beasts)

   [amulet of regeneration]

   It affects your strength (+3).
   It affects your dexterity (+3).
   It protects you from fire.
   It increases your rate of regeneration.
Wands
 g - a wand of hasting (0/9)
 v - a wand of paralysis (12/24)
 C - a wand of teleportation (2/9)
 D - a wand of flame (34/48)
 I - a wand of acid (3/15)
 J - a wand of digging (0/24)
 M - a wand of polymorph (13/24)
 T - a wand of flame (29/48)
Scrolls
 e - 8 scrolls of remove curse
 w - a scroll of fog
 y - a scroll of amnesia
 N - 6 scrolls of recharging
 R - a scroll of enchant armour
 U - 3 scrolls of magic mapping
Potions
 d - a potion of cure mutation
 p - 2 potions of agility
 E - 4 potions of curing
 K - a potion of resistance {unknown}
 Z - a potion of brilliance
Comestibles
 f - 7 bread rations
 i - 13 meat rations
 n - 3 royal jellies
 B - 6 beef jerkies
 O - 4 slices of pizza


   Skills:
 - Level 11.7 Fighting
 + Level 17.0 Long Blades
 - Level 1.7 Throwing
 + Level 14.4 Armour
 - Level 11.2 Dodging
 - Level 5.5 Spellcasting


You had 26 spell levels left.
You didn't know any spells.

Dungeon Overview and Level Annotations

Branches:
Dungeon (15/15)            Temple (1/1) D:7            Lair (6/6) D:10
  Swamp (4/4) Lair:2       Spider (0/4) Lair:4        Slime (0/5) Lair:5
    Orc (2/2) D:9             Elf (0/3) Orc:2        Vaults (0/5) D:14
 Depths (1/5) D:15

Altars:
Ashenzari
Cheibriados
Dithmenos
Elyvilon
Fedhas
Gozag
Hepliaklqana
Kikubaaqudgha
Makhleb
Nemelex Xobeh
Okawaru
Qazlal
Ru
Sif Muna
Trog
Uskayaw
Vehumet
Xom
Yredelemnul
Zin
The Shining One
Beogh
Jiyva

Shops:
D:4 (   D:5 *!%*   D:15 }   Orc:1 (   Orc:2 *[=}*

Portals:
Hell: Depths:1
Abyss: Depths:1
Trove: D:15 (give horn of Geryon)


Innate Abilities, Weirdness & Mutations

You have claws for hands.
You regenerate a little health from kills.
You are mostly covered in sharp spines.
Your movements are significantly less encumbered by armour. (ER -6)
You expend magic power (3 MP) to strengthen your wands.


Message History

Okay, then.
Charge which item? (? for menu, Esc to quit)
As you read the scroll of recharging, it crumbles to dust.
Your wand of teleportation {empty} glows for a moment.
The briar patch crumbles away.
Trunks creak and shift.
The swamp worm is engulfed in noxious fumes.
Evoke which item? (* to show all) (? for menu, Esc to quit)
Zapping:
C - a wand of teleportation {recharged} (will waste charges)
Press: ? - help, Shift-Dir - straight line, f - you You feel strangely unstable.
Evoking this partially-identified wand wasted a few charges.
The briar patch crumbles away. x3; The thorn hunter hits you!
* * * LOW HITPOINT WARNING * * *
The thorn hunter misses you.
The swamp worm is engulfed in noxious fumes.
The spriggan druid is engulfed in noxious fumes.
The spriggan druid appears confused.
The alligator is struck by your spines. The alligator bites you.
You die...

≈♣ ♣♣ .. ♣♣♣≈♣≈♣
♣♣...≈. ♣..≈PP.
♣≈♣≈≈♣♣♣♣
♣♣♣..≈i..w♣♣♣
♣♣.≈≈..§§§P..♣♣
.≈)..k..≈wP@P.♣
...≈...≈§§ft..♣ ≈≈
..≈...≈§≈§≈§...≈.
.≈
≈♣≈♣...≈≈≈≈≈......♣
♣.. ♣ ♣
♣..≈≈≈≈≈.≈..≈≈.♣
.♣♣≈.
§....≈≈≈.....≈≈.♣
.≈≈.≈
≈≈.≈...≈≈≈...♣..≈♣
≈≈..≈
≈≈..≈.......♣♣♣≈.♣
≈.[≈≈


You could see a thorn hunter, an alligator, a spriggan druid (confused), 2 swamp
worms and a swamp drake.

Vanquished Creatures
  Bai Suzhen (Swamp:4)
  Rupert (Lair:3)
  A thorn hunter (Swamp:4)
  An azure jelly (Swamp:3)
  Louise (Depths:1)
  Aizul (Depths:1)
  A stone giant (Depths:1)
  5 dire elephants (Lair:6)
  Snorg (D:13)
  A fire dragon (D:15)
  A crystal guardian (D:11)
  The ghost of nht the Severer, a journeyman MiCK of Xom (Lair:1)
  4 ice dragons
  4 vault guards (D:14)
  A catoblepas (Lair:5)
  An anaconda (Lair:6)
  A ghost crab (Swamp:4)
  7 hydras
  5 centaur warriors
  A deep troll shaman (Depths:1)
  2 alligators
  5 ogre magi
  2 spriggan druids (Swamp:3)
  2 swamp dragons
  A deep elf archer (D:14)
  5 hill giants
  4 shambling mangroves
  3 orc knights
  3 wizards
  2 deep elf magi
  3 orc sorcerers
  An orb spider (shapeshifter) (Depths:1)
  24 ugly things
  2 manticores
  Maurice (D:13)
  9 cyclopes
  14 elephants
  2 black mambas
  A gargoyle (D:14)
  25 spiny frogs
  A rime drake (Lair:6)
  6 komodo dragons
  4 freezing wraiths (Swamp:4)
  A kobold demonologist (D:15)
  11 trolls
  A red devil (Depths:1)
  A harpy zombie (D:15)
  The ghost of Philosophy the Chopper, an amateur HOFi (Ossuary)
  A merfolk (D:9)
  2 tyrant leeches
  3 meliai (D:15)
  19 two-headed ogres
  A polar bear (Lair:5)
  Grinder (D:4)
  13 hornets
  8 blink frogs (Lair:2)
  7 bog bodies
  9 hippogriffs
  A hippogriff (shapeshifter) (D:14)
  5 slime creatures (D:12)
  A wraith (D:15)
  A vampire (D:12)
  Sigmund (D:4)
  3 spriggans
  5 water elementals
  Eustachio (D:6)
  39 yaks
  A wyvern (D:15)
  A human (shapeshifter) (Depths:1)
  5 fire bats
  2 basilisks
  2 hungry ghosts
  2 swamp worm simulacra (Swamp:4)
  Menkaure (D:6)
  2 wargs
  13 vampire mosquitoes
  2 mottled dragons
  A soldier ant (shapeshifter) (D:15)
  9 hydra simulacra (Swamp:4)
  15 swamp worms
  15 water moccasins
  33 orc warriors
  5 swamp drakes
  4 porcupines
  8 ice beasts
  3 sky beasts
  32 ogres
  8 crocodiles
  15 centaurs
  6 big kobolds
  18 bullfrogs
  2 wyvern zombies
  7 scorpions
  8 wights
  9 killer bees
  6 howler monkeys
  An electric eel (Lair:2)
  5 lava snakes (Volcano)
  9 crimson imps
  6 centaur zombies
  15 orc priests
  5 hounds
  5 jellies
  Crazy Yiuf (D:6)
  4 bullfrog zombies (Ossuary)
  6 centaur skeletons
  7 bullfrog skeletons
  3 iguanas
  Terence (D:2)
  21 orc wizards
  11 worker ants
  2 killer bee zombies
  A hound zombie (Ossuary)
  A hound skeleton (D:5)
  11 mummies (Ossuary)
  5 worker ant zombies
  A howler monkey zombie (Ossuary)
  14 adders
  2 gnolls (D:7)
  3 shadow imps
  A swamp drake simulacrum (Swamp:4)
  An adder zombie (Ossuary)
  An adder skeleton (D:4)
  4 worms
  3 leopard geckos
  109 orcs
  2 ball pythons
  6 bats
  4 giant cockroaches
  11 goblins
  15 hobgoblins
  7 jackals
  4 quokkas
  3 frilled lizards
  A giant cockroach zombie (Ossuary)
  2 goblin zombies (D:4)
  3 hobgoblin zombies (D:4)
  A jackal zombie (Ossuary)
  21 kobolds
  A kobold skeleton (D:4)
  2 kobold zombies (D:4)
  2 leopard gecko zombies (Ossuary)
  An orc skeleton (D:4)
  2 orc zombies (D:4)
  2 quokka skeletons
  A quokka zombie (Ossuary)
  4 rats
  A plant (Lair:6)
888 creatures vanquished.

Vanquished Creatures (others)
  An alligator (Swamp:4)
  2 water elementals (Depths:1)
  A swamp worm (Swamp:4)
  2 swamp drakes (Swamp:4)
  A briar patch (Swamp:4)
  17 fungi
  3 plants
  2 withered plants (Ossuary)
29 creatures vanquished.

Grand Total: 917 creatures vanquished

Notes
Turn   | Place    | Note
-------+----------+-------------------------------------------
     0 | D:1      | Impy the Demonspawn Gladiator began the quest for the Orb.
     0 | D:1      | Reached XP level 1. HP: 16/16 MP: 1/1
   197 | D:1      | Reached skill level 3 in Long Blades
   197 | D:1      | Gained mutation: You have sharp fingernails. [demonic ancestry]
   197 | D:1      | Reached XP level 2. HP: 22/22 MP: 2/2
   835 | D:2      | Gained mutation: Your movements are slightly less encumbered by armour. (ER -2) [demonic ancestry]
   835 | D:2      | Reached XP level 3. HP: 27/27 MP: 3/3
  1058 | D:2      | Found a shimmering altar of Xom.
  1060 | D:2      | Found a shimmering altar of Xom.
  1061 | D:2      | Found a shimmering altar of Xom.
  1061 | D:2      | Found a shimmering altar of Xom.
  1062 | D:2      | Found a shimmering altar of Xom.
  1062 | D:2      | Found a shimmering altar of Xom.
  1067 | D:2      | Found a shimmering altar of Xom.
  1068 | D:2      | Found a shimmering altar of Xom.
  1068 | D:2      | Found a shimmering altar of Xom.
  1069 | D:2      | Found a shimmering altar of Xom.
  1069 | D:2      | Found a shimmering altar of Xom.
  1069 | D:2      | Found a shimmering altar of Xom.
  1191 | D:2      | Noticed Terence
  1202 | D:2      | Killed Terence
  1202 | D:2      | Gained mutation: You are partially covered in sharp spines. [demonic ancestry]
  1202 | D:2      | Reached XP level 4. HP: 18/33 MP: 4/4
  1435 | D:2      | Found a deep blue altar of Sif Muna.
  2129 | D:3      | Reached skill level 1 in Armour
  2663 | D:4      | Reached skill level 4 in Long Blades
  2663 | D:4      | Reached XP level 5. HP: 39/39 MP: 5/5
  2669 | D:4      | Noticed Grinder
  2709 | D:4      | Killed Grinder
  2709 | D:4      | Reached XP level 6. HP: 6/48 MP: 6/6
  3056 | D:4      | Found a glowing golden altar of the Shining One.
  3183 | D:4      | Reached skill level 5 in Long Blades
  3183 | D:4      | Reached XP level 7. HP: 54/54 MP: 7/7
  3571 | D:4      | Found Taskotsa's Weapon Shop.
  3588 | D:4      | Noticed Sigmund
  3764 | D:4      | Killed Sigmund
  3816 | D:5      | Entered Level 5 of the Dungeon
  3816 | D:5      | Found Rosiuvea's General Store.
  3823 | D:5      | Reached skill level 5 in Fighting
  3824 | D:5      | Found Piereo's Food Emporium.
  3850 | D:5      | Found Dunidd's Distillery.
  3885 | D:5      | Found Zekioc's Assorted Antiques.
  3928 | D:5      | Found a sand-covered staircase.
  3932 | Ossuary  | Entered an ossuary
  3953 | Ossuary  | Reached XP level 8. HP: 47/62 MP: 8/8
  3977 | Ossuary  | Reached skill level 6 in Long Blades
  4222 | Ossuary  | Noticed Philosophy's ghost (amateur HOFi)
  4245 | Ossuary  | Killed Philosophy's ghost
  4245 | Ossuary  | Reached skill level 5 in Armour
  4772 | D:5      | Found a snail-covered altar of Cheibriados.
  4929 | D:5      | You fall through a shaft!
  4950 | D:6      | Found a basalt altar of Yredelemnul.
  5006 | D:6      | Found a runed door.
  5010 | D:6      | Noticed Crazy Yiuf
  5016 | D:6      | Killed Crazy Yiuf
  5072 | D:6      | Gained mutation: You regenerate a little health from kills. [demonic ancestry]
  5072 | D:6      | Reached XP level 9. HP: 48/71 MP: 9/9
  5304 | D:6      | Reached skill level 7 in Long Blades
  5728 | D:6      | Noticed Menkaure
  5746 | D:6      | Killed Menkaure
  6119 | D:6      | Found a bloodstained altar of Trog.
  6319 | D:6      | Found a sparkling altar of Nemelex Xobeh.
  6381 | D:6      | Noticed Eustachio
  6406 | D:6      | Killed Eustachio
  6750 | D:7      | Found a staircase to the Ecumenical Temple.
  6759 | Temple   | Entered the Ecumenical Temple
  6928 | D:7      | Found an iron altar of Okawaru.
  6949 | D:7      | Became a worshipper of Warmaster Okawaru
  7198 | D:7      | Reached skill level 8 in Long Blades
  7488 | D:7      | Reached XP level 10. HP: 81/81 MP: 10/10
  7626 | D:7      | Got a bound tin ring
  7633 | D:7      | Identified the ring "Cadderip" {+Blink Stlth-} (You found it on level 7 of the Dungeon)
  7811 | D:8      | Found a glowing silver altar of Zin.
  7988 | D:8      | Reached * piety under Okawaru
  8346 | D:9      | Found a roughly hewn altar of Beogh.
  8876 | D:9      | Reached ** piety under Okawaru
  8876 | D:9      | Reached skill level 9 in Long Blades
  9393 | D:9      | Found a staircase to the Orcish Mines.
  9530 | D:10     | Entered Level 10 of the Dungeon
  9656 | D:10     | Found a staircase to the Lair.
  9852 | D:10     | Gained mutation: You expend magic power (3 MP) to strengthen your wands. [potion of mutation]
  9852 | D:10     | Gained mutation: Your movements are less encumbered by armour. (ER -4) [potion of mutation]
  9997 | D:10     | Reached *** piety under Okawaru
 10135 | D:10     | Gained mutation: You have very sharp fingernails. [demonic ancestry]
 10135 | D:10     | Reached XP level 11. HP: 90/90 MP: 11/11
 10441 | Lair:1   | Entered Level 1 of the Lair of Beasts
 10471 | Lair:1   | Noticed nht's ghost (journeyman MiCK)
 10702 | Orc:1    | Entered Level 1 of the Orcish Mines
 10724 | Orc:1    | Reached skill level 10 in Fighting
 10974 | Orc:1    | Found Mozet's Antique Weapon Shop.
 11035 | Orc:1    | Found a dark tunnel.
 11042 | Volcano  | Entered a volcano
 12154 | Volcano  | Found a bloodstained altar of Trog.
 12154 | Volcano  | Noticed an ogre mage
 12157 | Volcano  | Reached **** piety under Okawaru
 12181 | Volcano  | Killed an ogre mage
 12181 | Volcano  | Reached skill level 10 in Long Blades
 12739 | D:5      | Bought the +7 falchion of Karma {flame, +Rage Str+3} for 800 gold pieces
 12948 | Lair:1   | Killed nht's ghost
 13042 | Lair:1   | Reached ***** piety under Okawaru
 13266 | Lair:1   | Reached skill level 10 in Armour
 13598 | Lair:2   | Noticed an eight-headed hydra
 13619 | Lair:2   | Killed a four-headed hydra
 13619 | Lair:2   | Received a gift from Okawaru
 13659 | Lair:2   | Reached XP level 12. HP: 65/100 MP: 12/12
 13699 | Lair:2   | Got an ichor-stained leather armour
 13700 | Lair:2   | Identified the +2 leather armour "Nealiz" {-Tele rPois rN+} (You found it on level 2 of the Lair of Beasts)
 13753 | Lair:2   | Reached skill level 11 in Long Blades
 13757 | Lair:2   | Reached skill level 5 in Dodging
 14518 | Lair:2   | Found a staircase to the Swamp.
 14882 | Lair:2   | Noticed a six-headed hydra
 14890 | Lair:2   | Killed a one-headed hydra
 15602 | Lair:3   | Found a snail-covered altar of Cheibriados.
 15818 | Lair:3   | Noticed Rupert
 15867 | Lair:4   | Reached skill level 12 in Long Blades
 16311 | Lair:4   | Found a hole to the Spider Nest.
 16328 | Lair:4   | Got a coiled emerald amulet
 16329 | Lair:4   | Identified the amulet of Fanaticism {rF+ Regen+ Str+3 Dex+3} (You found it on level 4 of the Lair of Beasts)
 16939 | Lair:3   | Paralysed by Rupert for 2 turns
 16951 | Lair:3   | Killed Rupert
 16951 | Lair:3   | Received a gift from Okawaru
 16951 | Lair:3   | Reached ****** piety under Okawaru
 16951 | Lair:3   | Gained mutation: Your movements are significantly less encumbered by armour. (ER -6) [demonic ancestry]
 16951 | Lair:3   | Reached XP level 13. HP: 30/106 MP: 13/13
 16977 | Lair:3   | HP: 3/106 [elephant (8)]
 17395 | Lair:5   | Found a viscous altar of Jiyva.
 17395 | Lair:5   | Found a staircase to the Slime Pits.
 17586 | Lair:5   | Received a gift from Okawaru
 17586 | Lair:5   | Reached skill level 13 in Long Blades
 18005 | Lair:6   | Entered Level 6 of the Lair of Beasts
 18814 | Lair:6   | Reached skill level 10 in Dodging
 18821 | Lair:6   | Noticed a dire elephant
 18821 | Lair:6   | Noticed a dire elephant
 18825 | Lair:6   | Noticed a dire elephant
 18832 | Lair:6   | Noticed a dire elephant
 18856 | Lair:6   | Killed a dire elephant
 18919 | Lair:6   | Killed a dire elephant
 19030 | Lair:6   | Killed a dire elephant
 19186 | Lair:6   | Killed a dire elephant
 19343 | Lair:6   | Got a shimmering tin ring
 19354 | Lair:6   | Identified the ring "Purph" {rPois rF+ rC- Str+6 Dex+8} (You found it on level 6 of the Lair of Beasts)
 19418 | Lair:6   | Noticed a dire elephant
 19431 | Lair:6   | Killed a dire elephant
 19887 | Orc:1    | Reached skill level 14 in Long Blades
 19938 | Orc:1    | Found a burning altar of Makhleb.
 19963 | Orc:1    | You fall through a shaft!
 19963 | Orc:2    | Entered Level 2 of the Orcish Mines
 20050 | Orc:2    | Found a staircase to the Elven Halls.
 20070 | Orc:2    | Reached skill level 1 in Spellcasting
 20096 | Orc:2    | Reached XP level 14. HP: 113/113 MP: 16/16
 20350 | Orc:2    | Received a gift from Okawaru
 20359 | Orc:2    | Got a scorched longbow {god gift}
 20420 | Orc:2    | Found Rido's Gadget Boutique.
 20420 | Orc:2    | Found Siefeucu's Armour Shoppe.
 20421 | Orc:2    | Found Fipeliq's Assorted Antiques.
 20421 | Orc:2    | Found Carry's Jewellery Boutique.
 20684 | Orc:2    | Found Hoklos's Humungous Hoard.
 20719 | Orc:2    | Bought a potion of heal wounds for 60 gold pieces
 21689 | D:11     | Reached skill level 5 in Spellcasting
 21940 | D:11     | Received a gift from Okawaru
 21962 | D:11     | Identified a scroll of acquirement
 22239 | D:11     | Identified the +2 longbow of the Last Cities {speed, MR- Dex+6} (Okawaru gifted it to you on level 2 of the Orcish Mines)
 23296 | D:13     | Received a gift from Okawaru
 23448 | D:13     | Noticed Snorg
 23454 | D:13     | Killed Snorg
 23521 | D:13     | Noticed Maurice
 23532 | D:13     | Killed Maurice
 23566 | D:13     | Received a gift from Okawaru
 23904 | D:14     | Found a gate to the Vaults.
 23922 | D:14     | Gained mutation: You have claws for hands. [demonic ancestry]
 23922 | D:14     | Reached XP level 15. HP: 93/120 MP: 16/23
 24003 | D:14     | Found an iron altar of Okawaru.
 24061 | D:14     | Found a shimmering altar of Xom.
 24113 | D:14     | Paralysed by a hornet for 1 turns
 24119 | D:14     | Reached skill level 15 in Long Blades
 24252 | D:14     | Found a hide-covered altar of Uskayaw.
 24494 | D:14     | Got a bloodstained plate armour
 24500 | D:14     | Got an ichor-stained long sword {drain}
 24508 | D:14     | Identified the +3 long sword "Hucegef" {drain, *Rage rF+ rC++ Int+3} (You took it off an orc warrior on level 14 of the Dungeon)
 24509 | D:14     | Identified the +10 plate armour of Supple Strength {+Blink rF+++ Str-2} (You took it off an orc warrior on level 14 of the Dungeon)
 24552 | D:14     | Received a gift from Okawaru
 24646 | D:14     | Got a pair of brightly glowing boots
 24647 | D:14     | Identified the +0 pair of boots "Vyugg" {rElec rPois rN+++ MP-9} (You found it on level 14 of the Dungeon)
 24709 | D:15     | Entered Level 15 of the Dungeon
 25189 | D:15     | Found a portal to a secret trove of treasure.
 25415 | D:15     | Found Ihalo's Gadget Shop.
 25570 | D:15     | Found a staircase to the Depths.
 25716 | Depths:1 | Entered Level 1 of the Depths
 25720 | D:15     | Received a gift from Okawaru
 25783 | Depths:1 | Found a gateway to Hell.
 25823 | Depths:1 | Noticed Louise
 25859 | Depths:1 | Killed Louise
 25860 | Depths:1 | Found a one-way gate to the infinite horrors of the Abyss.
 26238 | Depths:1 | Noticed Aizul
 26256 | Depths:1 | Killed Aizul
 26256 | Depths:1 | Received a gift from Okawaru
 26256 | Depths:1 | Reached skill level 16 in Long Blades
 26585 | Swamp:1  | Entered Level 1 of the Swamp
 26636 | Swamp:1  | Paralysed by a hornet for 1 turns
 26717 | Swamp:1  | Gained mutation: You are mostly covered in sharp spines. [demonic ancestry]
 26717 | Swamp:1  | Reached XP level 16. HP: 124/127 MP: 15/24
 26893 | Swamp:2  | Received a gift from Okawaru
 26909 | Swamp:2  | Got a smoking great sword {god gift}
 26910 | Swamp:2  | Identified the +1 great sword "Fetaotam" {slice, rN+} (Okawaru gifted it to you on level 2 of the Swamp)
 27049 | Swamp:2  | Got a crystal rapier
 27050 | Swamp:2  | Identified the +8 rapier of the Warrior-Mage {flame, rN+} (You found it on level 2 of the Swamp)
 27191 | Swamp:4  | Entered Level 4 of the Swamp
 27235 | Swamp:4  | Noticed Bai Suzhen
 27280 | Swamp:4  | Killed Bai Suzhen
 27400 | Swamp:4  | Received a gift from Okawaru
 27405 | Swamp:4  | Noticed a thorn hunter
 27410 | Swamp:4  | Identified a +1 pair of boots of running (Okawaru gifted it to you on level 4 of the Swamp)
 27431 | Swamp:4  | Killed a thorn hunter
 28358 | Swamp:3  | Reached skill level 17 in Long Blades
 28366 | Swamp:3  | Noticed a thorn hunter
 28383 | Swamp:3  | HP: 2/127 [thorn hunter (13)]
 28383 | Swamp:3  | Slain by an alligator

Skill      XL: |  1  2  3  4  5  6  7  8  9 10 11 12 13 14 15 16 |
---------------+-------------------------------------------------+-----
Long Blades    | 3 4 5 6 8 9 10 12 14 16 17 | 17.0
Dodging        | 3 4 8 10 11 | 11.2
Armour         | 1 2 3 4 5 7 8 10 11 13 14 | 14.4
Fighting       | 3 4 5 6 8 9 11 | 11.7
Spellcasting   | 1 5 |  5.5
Throwing       | |  1.7

Action                   |  1- 3 |  4- 6 |  7- 9 | 10-12 | 13-15 | 16-18 || total
-------------------------+-------+-------+-------+-------+-------+-------++-------
Melee: Long sword        |    84 |   145 |   421 |   135 |       |    50 ||   835
       Falchion          |       |       |       |   714 |   671 |       ||  1385
       Punch             |       |       |       |     3 |     5 |     2 ||    10
       Triple sword      |       |       |       |       |   677 |   236 ||   913
Throw: Throwing net      |       |     1 |     9 |     1 |     1 |       ||    12
Invok: Heroism           |       |       |       |     5 |    15 |     6 ||    26
 Abil: Evoke Berserk Rag |       |       |       |     1 |       |       ||     1
Evoke: Wand              |       |     1 |     2 |     5 |     5 |     3 ||    16
  Use: Potion            |     4 |     3 |     8 |    15 |     2 |     6 ||    38
       Scroll            |       |     5 |    15 |    14 |    14 |    12 ||    60
 Stab: Held in net/web   |       |     1 |     1 |     2 |       |       ||     4
       Sleeping          |       |       |       |     3 |     1 |       ||     4
       Distracted        |       |       |       |     1 |       |       ||     1
  Eat: Chunk             |     1 |     7 |     6 |    14 |    21 |       ||    49
       Bread ration      |       |       |     2 |     4 |     4 |     1 ||    11
       Pizza             |       |       |     1 |       |       |       ||     1
Armor: Leather armour    |    30 |       |       |    35 |     4 |       ||    69
       Chain mail        |       |    66 |   177 |   262 |    14 |       ||   519
       Scale mail        |       |       |       |       |   283 |       ||   283
       Plate armour      |       |       |       |       |   211 |   330 ||   541
Dodge: Dodged            |    57 |    57 |   155 |   319 |   869 |   232 ||  1689
       Rpst.: Long sword |    18 |    15 |    48 |    17 |       |     1 ||    99
       Falchion          |       |       |       |    82 |    92 |       ||   174
       Triple sword      |       |       |       |       |   125 |    27 ||   152
